 Dungeon Crawl Stone Soup version 0.30-a0-358-g0d69a1922f (webtiles) character file.

Game seed: 7512818230777939844

142 Ackmard the Magician (level 5, -3/38 HPs)
             Began as a Djinni Hedge Wizard on Nov 11, 2022.
             Slain by a hobgoblin
             ... wielding a +0 dagger
             ... led by Robin
              (5 damage)
             ... on level 3 of the Dungeon.
             The game lasted 00:08:11 (1836 turns).

Ackmard the Magician (Djinni Hedge Wizard)          Turns: 1836, Time: 00:08:11

Health: -3/38      AC:  3    Str:  9    XL:     5   Next: 49%
Gold:   124        EV: 12    Int: 17    God:
                   SH:  0    Dex: 13

rFire   + + +      SeeInvis +    d - staff of poison
rCold   . . .      Faith    .    (no shield)
rNeg    . . .      Spirit   .    b - +0 robe
rPois   ∞          Reflect  .    c - +0 hat
rElec   +          Harm     .    (no cloak)
rCorr   +          Rampage  .    (no gloves)
Will    .....                    (boots unavailable)
Stlth   ++........               (no amulet)
HPRegen 0.26/turn                o - ring of see invisible
MPRegen 0.00/turn                (no ring)

@: resistant, flying
A: sickness immunity, fire resistance 2, cold vulnerability 1, float, innate
caster, HP casting, extra vitality 1, iridescent scales 1, deformed body, robust
1
a: no special abilities


You were on level 3 of the Dungeon.
You visited 1 branch of the dungeon, and saw 3 of its levels.

You collected 124 gold pieces.

Inventory:

Armour
 b - a +0 robe (worn)
 c - a +0 hat (worn)
Magical Staves
 d - a staff of poison (weapon)
Jewellery
 o - a ring of see invisible (left hand)
Wands
 l - a wand of polymorph (7)
Scrolls
 e - a scroll of poison {unknown}
 f - 2 scrolls of identify {unknown}
 g - a scroll of amnesia {unknown}
 h - a scroll of noise {unknown}
 i - a scroll of vulnerability {unknown}
 j - a scroll of silence {unknown}
 m - a scroll of enchant armour {unknown}
 r - a scroll of enchant weapon {unknown}
Potions
 n - a potion of cancellation {unknown}
 q - a potion of heal wounds {unknown}


   Skills:
 + Level 2.8 Dodging
 + Level 2.0 Stealth
 + Level 4.1 Spellcasting


You couldn't memorise any spells.
You knew the following spells:

 Your Spells              Type           Power      Damage    Failure   Level
a - Magic Dart            Conj           68%        1d6       2%          1
b - Slow                  Hex            68%        N/A       2%          1
c - Blink                 Tloc           34%        N/A       4%          2
d - Call Imp              Summ           17%        N/A       4%          2
e - Cigotuvi's Dreadful   Necr/Pois/Air  52%        N/A       4%          2
f - Mephitic Cloud        Conj/Pois/Air  26%        N/A       9%          3
g - Apportation           Tloc           34%        N/A       2%          1
h - Passwall              Tmut/Erth      14%        N/A       4%          2
Your spell library was empty.

Dungeon Overview and Level Annotations

Branches:
Dungeon (3/15)

Altars:
Xom

Annotations:
D:3 Robin


Innate Abilities, Weirdness & Mutations

You are immune to sickness and miasma.
You are immune to poison.
Your flesh is very heat resistant. (rF++)
You are vulnerable to cold. (rC-)
You float through the air rather than walking.
You learn spells naturally, not from books.
Your magical power is your life essence.
You have superior vitality. (+4 MHP)
You are partially covered in iridescent scales. (AC +2)
Armour fits poorly on your strangely shaped body.
You are robust. (+10% HP)


Message History

You see here a giant cockroach corpse.
Casting: Magic Dart (safe; 2% risk of failure)
Confirm with . or Enter, or press ? or * to list all spells.
Aiming: Magic Dart (safe; 2% risk of failure)
Press: ? - help, Shift-Dir - straight line, f - hobgoblin
Aim: a hobgoblin (confused, 100% to hit)
The magic dart hits the hobgoblin.
The hobgoblin is moderately wounded.
* * * LOW HITPOINT WARNING * * *
The hobgoblin barely misses the goblin.
Aiming: Polymorph
Press: ? - help, Q - select action, (/) - cycle Shift-Dir - straight line, f - goblin, p - hobgoblin
Aim: a goblin, wielding a +0 club (will become a bat, an endoplasm, or a kobold, chance to affect: 66%)
The goblin evaporates and reforms as a bat!
Robin throws the goblin at you! The goblin closely misses you.
Casting: Magic Dart (safe; 2% risk of failure)
Confirm with . or Enter, or press ? or * to list all spells.
You blink.
* * * LOW HITPOINT WARNING * * *
Aiming: Polymorph
Press: ? - help, Q - select action, (/) - cycle Shift-Dir - straight line, f - goblin, p - bat
Aim: a goblin, wielding a +0 dagger (will become a hobgoblin, a ball python, or a giant cockroach, chance to affect: 66%)
The goblin struggles to resist.
The goblin hits you but does no damage.
Aiming: Polymorph
Press: ? - help, Q - select action, (/) - cycle Shift-Dir - straight line, f/p - goblin
Aim: a goblin, wielding a +0 dagger (will become a hobgoblin, a ball python, or a giant cockroach, chance to affect: 66%)
The goblin evaporates and reforms as a hobgoblin!
The hobgoblin picks up a +0 dagger.
The hobgoblin wields a +0 dagger.
Unknown command.
The hobgoblin attacks as you move away! The hobgoblin misses you.
You feel stable enough to blink again.
It was a potion of flight.
You feel more buoyant.
The hobgoblin hits you with a +0 dagger.
* * * LOW HITPOINT WARNING * * *
It was a potion of resistance.
You feel protected.
The hobgoblin hits you with a +0 dagger.
You die...

### ################.#
.......@gb..ggg).#
################g# #)#
#######.####
###..g..ggg..#
#.g..g.......#
###'##g##g###..#
#######...gg#.)†).#..#
...gg.#.....#.....#..####


You could see Robin, 2 hobgoblins, a goblin and a bat.

Vanquished Creatures
  An orc priest (D:3)
  Jessica (D:2)
  An adder (D:3)
  3 dart slugs
  6 orcs (D:3)
  7 ball pythons
  4 bats
  7 endoplasms
  A giant cockroach (D:3)
  6 hobgoblins
  2 quokkas
  5 frilled lizards (D:1)
  6 goblins
  8 kobolds
  7 rats
65 creatures vanquished.

Notes
Turn   | Place    | Note
-------+----------+-------------------------------------------
     0 | D:1      | Ackmard the Djinni Hedge Wizard began the quest for the
                  | Orb.
     0 | D:1      | Ackmard set off with the following spells memorised: Magic
                  | Dart, Slow, Blink, Call Imp, Cigotuvi's Dreadful Rot,
                  | Mephitic Cloud.
     0 | D:1      | Reached XP level 1. HP: 15/15 MP: 0/0
   145 | D:1      | Reached XP level 2. HP: 19/21 MP: 0/0
   322 | D:1      | Reached skill level 3 in Spellcasting
   367 | D:1      | Reached XP level 3. HP: 23/25 MP: 0/0
   367 | D:1      | Learned a level 1 spell: Apportation
   890 | D:2      | Noticed Jessica
   895 | D:2      | Killed Jessica
   896 | D:2      | Reached XP level 4. HP: 27/31 MP: 0/0
  1461 | D:3      | HP: 1/31 [adder (2)]
  1463 | D:3      | Gained mutation: You are dopey. (Int -2) [potion of
                  | mutation]
  1463 | D:3      | Gained mutation: You are agile. (Dex +4, Str/Int -1)
                  | [potion of mutation]
  1464 | D:3      | Lost mutation: You are dopey. (Int -2) [potion of mutation]
  1464 | D:3      | Lost mutation: You are agile. (Dex +4, Str/Int -1) [potion
                  | of mutation]
  1464 | D:3      | Gained mutation: You are partially covered in iridescent
                  | scales. (AC +2) [potion of mutation]
  1464 | D:3      | Gained mutation: Armour fits poorly on your strangely
                  | shaped body. [potion of mutation]
  1464 | D:3      | Gained mutation: You are robust. (+10% HP) [potion of
                  | mutation]
  1467 | D:3      | Reached XP level 5. HP: 4/38 MP: 0/0
  1467 | D:3      | Learned a level 2 spell: Passwall
  1674 | D:3      | Reached skill level 4 in Spellcasting
  1734 | D:3      | Found a shimmering altar of Xom.
  1799 | D:3      | Noticed Robin
  1836 | D:3      | Slain by a hobgoblin

Illustrated notes

Levels and vault maps discovered:
D:1:      dpeg_arrival_leaves_temple_mockup, layout_rooms, minmay_distorted
D:2:      layout_basic, uniq_jessica
D:3:      layout_basic, kiku_gazebo_pond_becter, mainiacjoe_overflow_24_doors,
          uniq_robin

Skill      XL: |  1  2  3  4  5 |
---------------+----------------+-----
Spellcasting   | 3 4 |  4.1
Stealth        | 2 |  2.0
Dodging        | |  2.8

Action                   |  1- 3 |  4- 6 || total
-------------------------+-------+-------++-------
Melee: Staff             |     1 |     1 ||     2
 Cast: Magic Dart        |    78 |    71 ||   149
       Blink             |       |     4 ||     4
       Mephitic Cloud    |       |     2 ||     2
Evoke: Wand              |       |     3 ||     3
  Use: Potion            |       |     5 ||     5
Armor: Robe              |       |     8 ||     8
Dodge: Dodged            |     1 |    26 ||    27

Table legend: (Time is in decaauts)
 A = Elapsed time spent in this place.
 B = Non-inter-level travel time spent in this place.
 C = Inter-level travel time spent in this place.
 D = Time resting spent in this place.
 E = Time spent auto-exploring this place.
 F = Levels seen in this place.
 G = Mean time per level.
                   A        B        C        D        E       F      G
               +--------+--------+--------+--------+--------+-----+--------+
         Total |   1844 |   1713 |    131 |     77 |   1210 |   3 |  614.7 |
       Dungeon |   1844 |   1713 |    131 |     77 |   1210 |   3 |  614.7 |
               +--------+--------+--------+--------+--------+-----+--------+

Top non-repeatable levels by time:
     D:2: 707 daAuts
     D:1: 679 daAuts
     D:3: 456 daAuts
